 Dungeon Crawl Stone Soup version 0.28-a0-1190-g77e1c55843 (webtiles) character file.

Game seed: 11098527339932247411

0 Gargoyl the Skirmisher (level 1, -2/23 HPs)
             Began as a Gnoll Abyssal Knight on Dec 18, 2021.
             Was a Follower of Lugonu.
             Slain by a small abomination (18 damage)
             ... on level 2 of the Abyss.
             The game lasted 00:00:23 (131 turns).

Gargoyl the Skirmisher (Gnoll Abyssal Knight)        Turns: 131, Time: 00:00:23

Health: -2/23      AC:  3    Str: 12    XL:     1   Next: 0%
Magic:  3/3        EV: 12    Int:  9    God:    Lugonu [*.....]
Gold:   51         SH:  0    Dex: 12    Spells: 0/0 levels left

rFire   . . .      SeeInvis .   a - +1 hand axe
rCold   . . .      Faith    .   (no shield)
rNeg    . . .      Spirit   .   b - +0 leather armour
rPois   .          Reflect  .   (no helmet)
rElec   .          Harm     .   (no cloak)
rCorr   .          Rampage  .   (no gloves)
Will    .....                   (no boots)
Stlth   +.........              (no amulet)
HPRegen 0.07/turn               (no ring)
MPRegen 0.08/turn               (no ring)

@: no status effects
A: fangs 1, strong nose, distributed training
a: Renounce Religion, Depart the Abyss


You were on level 2 of the Abyss.
You worshipped Lugonu.
Lugonu was aware of your devotion.
You visited 0 branches of the dungeon, and saw 0 of its levels.
You visited the Abyss 1 time.

You collected 51 gold pieces.

Inventory:

Hand Weapons
 a - a +1 hand axe (weapon)
Armour
 b - a +0 leather armour (worn)


   Skills:
 + Level 6.4 Fighting
 + Level 0.0 Short Blades
 + Level 0.0 Long Blades
 + Level 4.4 Axes
 + Level 0.0 Maces & Flails
 + Level 0.0 Polearms
 + Level 0.0 Staves
 + Level 0.0 Slings
 + Level 0.0 Bows
 + Level 0.0 Crossbows
 + Level 0.0 Throwing
 + Level 4.4 Armour
 + Level 2.3 Dodging
 + Level 0.0 Stealth
 + Level 0.0 Shields
 + Level 0.0 Unarmed Combat
 + Level 0.0 Spellcasting
 + Level 0.0 Conjurations
 + Level 0.0 Hexes
 + Level 0.0 Summonings
 + Level 0.0 Necromancy
 + Level 0.0 Translocations
 + Level 0.0 Transmutations
 + Level 0.0 Fire Magic
 + Level 0.0 Ice Magic
 + Level 0.0 Air Magic
 + Level 0.0 Earth Magic
 + Level 0.0 Poison Magic
 + Level 4.4 Invocations
 + Level 0.0 Evocations


You couldn't memorise any spells.
You didn't know any spells.
Your spell library was empty.

Dungeon Overview and Level Annotations

Branches:
Dungeon (0/15)

Altars:


Innate Abilities, Weirdness & Mutations

You have very sharp teeth.
Your uncanny sense of smell can sniff out nearby items.
Your experience applies equally to all skills.


Message History

A starspawn tentacle comes into view.
Found a book of the Senses and a fizzy purple potion.
c - a fizzy purple potion It was a potion of heal wounds.
You feel much better.
Found 51 gold pieces.
A tentacle flies out from the starspawn's body!
A starspawn tentacle comes into view.
A tentacled starspawn comes into view.
Found 21 stones.
You see here 51 gold pieces.
You now have 51 gold pieces.
You slash the tentacled starspawn!
The tentacled starspawn is lightly damaged.
Tentacles burst from the starspawn's body!
A raiju comes into view. 2 starspawn tentacles come into view.
The starspawn tentacle grabs you. The starspawn tentacle constricts you.
Unknown command.
You escape the starspawn tentacle's grasp.
A sun demon comes into view.
The sun demon shouts!
The tentacled starspawn bites you.
The tentacled starspawn barely misses you.
Unknown command.
The starspawn tentacle closely misses you.
A raiju comes into view.
A tentacle flies out from the starspawn's body!
A starspawn tentacle comes into view.
The starspawn tentacle grabs you. The starspawn tentacle constricts you.
The starspawn tentacle loses its grip on you.
The tentacle pulls you backwards!
A tentacle flies out from the starspawn's body!
A starspawn tentacle comes into view.
Tentacles burst from the starspawn's body! 2 starspawn tentacles come into view.
Found a fustibalus.
A small abomination comes into view.
The small abomination hits you!!
Ouch! That really hurt!
You die...

#. . ## . . ##.#
#. #. #@## #.##
# #...#x# )#
...#..##.#.#.##
#.......#....#
##.....#.#..
.......#.#.#.#
..####.#.....###
.. .##.#####.#
.. #... #.#


You could see a small abomination.

Vanquished Creatures (others)
  14 starspawn tentacles (Abyss:2)
14 creatures vanquished.

Notes
Turn   | Place    | Note
-------+----------+-------------------------------------------
     0 | Abyss:1  | Gargoyl the Gnoll Abyssal Knight began the quest for the
                  | Orb.
     0 | Abyss:1  | Reached XP level 1. HP: 23/23 MP: 3/3
    87 | Abyss:2  | Noticed a tentacled starspawn
   103 | Abyss:2  | Noticed a tentacled starspawn
   107 | Abyss:2  | Noticed a raiju
   109 | Abyss:2  | Noticed a sun demon
   110 | Abyss:2  | Noticed a raiju
   127 | Abyss:2  | Noticed a small abomination
   127 | Abyss:2  | Noticed a large abomination
   131 | Abyss:2  | Slain by a small abomination

Illustrated notes

Levels and vault maps discovered:
Abyss:2:  base: Temple, minivault_4

Action                   || total
-------------------------++-------
Melee: Hand axe          ||     1
  Use: Scroll            ||     2
       Potion            ||     1
Dodge: Dodged            ||     2

Table legend: (Time is in decaauts)
 A = Elapsed time spent in this place.
 B = Non-inter-level travel time spent in this place.
 C = Inter-level travel time spent in this place.
 D = Time resting spent in this place.
 E = Time spent auto-exploring this place.
 F = Levels seen in this place.
 G = Mean time per level.
                   A        B        C        D        E       F      G
               +--------+--------+--------+--------+--------+-----+--------+
         Total |    130 |    130 |      0 |      0 |     73 |   2 |   65.0 |
         Abyss |    130 |    130 |      0 |      0 |     73 |   2 |   65.0 |
               +--------+--------+--------+--------+--------+-----+--------+

Top non-repeatable levels by time:
 Abyss:2: 116 daAuts
 Abyss:1: 14 daAuts
